Map: [ESL] Crimson Court

Players

Coffee - Winner!

  • Race: Terran Terran
  • Spawn Location: 7:00

Nanami

  • Race: Protoss Protoss
  • Spawn Location: 1:00

Event: ESL SC2 Masters 2024 Spring (Regional)

VOD

Have the link to the VOD?

Description

Time

  • Played on: April 27, 2024, 8:17 a.m.
  • Length: 10:21

All games in this series

Show
View Real Time Build Order
Export as new Build Order

Coffee Terran - Winner!

Build Orders: Cyclone Opening, Reaper Expand 

Get SALT Encoding   

  12  0:00  SCV  
  13  0:12  SCV  
  14  0:16  Supply Depot  
  14  0:24  SCV  
  15  0:38  SCV  
  15  0:39  Barracks  
  16  0:43  Refinery  
  16  0:50  SCV  
  17  1:02  SCV  
  18  1:14  SCV  
  19  1:26  Orbital Command, Reaper  
  20  1:39  Command Center  
  20  1:47  Supply Depot  
  20  1:52  SCV  
  21  1:58  Marine  
  22  2:04  SCV  
  22  2:07  Factory  
  23  2:15  Marine  
  23  2:16  SCV  
  25  2:28  SCV  
  26  2:36  Marine  
  27  2:46  Command Center  
  27  2:51  Cyclone  
  29  2:53  Orbital Command  
  29  2:56  SCV  
  29  2:58  Barracks Reactor  
  30  3:09  SCV  
  30  3:12  Barracks  
  31  3:21  SCV  
  31  3:23  SCV  
  31  3:25  Factory Tech Lab  
  32  3:31  Refinery  
  32  3:33  SCV  
  33  3:35  SCV  
  34  3:45  SCV  
  34  3:47  SCV  
  33  3:48  Marine x2  
  33  3:49  Siege Tank  
  37  3:57  SCV  
  37  3:59  SCV  
  37  4:02  Orbital Command, Barracks Tech Lab  
  37  4:09  Marine x2, Engineering Bay, Refinery, SCV  
  40  4:11  Bunker, SCV  
  41  4:21  Siege Tank  
  41  4:22  SCV  
  41  4:23  SCV  
  46  4:28  Barracks  
  46  4:29  SCV  
  47  4:34  SCV  
  47  4:36  Stimpack, SCV  
  49  4:41  SCV  
  50  4:46  SCV  
  50  4:47  Marine x3, Supply Depot  
  50  4:48  SCV  
  50  4:51  Terran Infantry Weapons Level 1  
  55  4:56  SCV  
  55  4:58  SCV  
  57  5:00  Supply Depot  
  57  5:01  SCV  
  57  5:05  Starport  
  57  5:06  Factory Reactor  
  58  5:08  SCV  
  58  5:10  Refinery, SCV  
  58  5:12  Marine x3  
  63  5:17  SCV  
  63  5:19  Supply Depot  
  63  5:20  SCV  
  65  5:22  Marine, Combat Shield  
  66  5:30  SCV  
  66  5:31  Marine x3, SCV  
  66  5:33  SCV  
  72  5:37  Supply Depot x2  
  72  5:40  Marine  
  73  5:47  Orbital Command, Barracks  
  73  5:49  Medivac x2, Factory Tech Lab  
  77  5:50  Barracks  
  77  5:53  SCV x2  
  79  5:59  Marine x2  
  79  6:03  Marine x2  
  83  6:05  SCV x2  
  83  6:08  Missile Turret  
  85  6:12  Supply Depot  
  85  6:13  SCV  
  85  6:18  Marine x2, Siege Tank  
  89  6:21  SCV  
  92  6:29  SCV x2  
  92  6:31  Supply Depot  
  92  6:32  Supply Depot  
  93  6:34  Marauder x2  
  93  6:38  SCV  
  97  6:42  Marine x2, Barracks Reactor, Barracks Tech Lab  
  97  6:44  SCV x2  
  99  6:50  Medivac x2  
  99  6:51  SCV  
  99  6:53  Siege Tank  
  107  6:56  Terran Infantry Armor Level 1, SCV x2  
  109  7:02  Marauder x2  
  109  7:03  Marauder  
  109  7:05  Refinery  
  109  7:08  Refinery  
  114  7:11  Supply Depot  
  114  7:12  Marine x2  
  116  7:19  Supply Depot  
  116  7:20  Supply Depot  
  116  7:21  Supply Depot  
  115  7:23  Marauder x2  
  115  7:24  Marine x2  
  115  7:28  Liberator  
  124  7:32  Liberator  
  124  7:34  SCV x3  
  130  7:37  Missile Turret, Marauder  
  130  7:40  Marine  
  130  7:41  Marine  
  130  7:42  Marine x2  
  136  7:45  Marauder  
  136  7:47  Bunker  
  136  7:50  Supply Depot  
  137  7:56  Siege Tank  
  137  7:57  Concussive Shells  
  137  7:59  SCV x3  
  137  8:02  Marine x4  
  144  8:08  Marauder x3  
  144  8:11  Viking  
  150  8:14  Missile Turret  
  150  8:15  Viking  
  150  8:18  Missile Turret  
  152  8:25  Marine x4  
  156  8:28  Siege Tank  
  156  8:31  Marauder x3  
  138  8:44  Marine x2  
  138  8:47  Marine  
  123  8:52  Marauder x3  
  123  8:54  Marine  
  123  8:55  Liberator x2  
  130  8:59  SCV  
  130  9:00  SCV  
  128  9:03  Siege Tank  
  131  9:13  Marauder  
  131  9:14  Marauder x2  
  131  9:38  Liberator x2  
Show
View Real Time Build Order
Export as new Build Order

Nanami Protoss 

Build Orders: 1 Gate Expand, Blink Stalkers, Colossus Rush 

Get SALT Encoding   

  12  0:00  Probe  
  13  0:12  Probe  
  14  0:17  Pylon  
  14  0:24  Probe (Chrono Boost)  
  16  0:35  Gateway  
  16  0:36  Probe (Chrono Boost)  
  16  0:43  Probe (Chrono Boost)  
  16  0:45  Assimilator  
  17  0:51  Probe  
  18  1:03  Probe  
  19  1:15  Probe  
  20  1:22  Cybernetics Core  
  20  1:31  Nexus  
  20  1:34  Probe  
  21  1:41  Pylon  
  21  1:47  Assimilator  
  21  1:50  Probe  
  22  1:56  Adept (Chrono Boost)  
  22  1:59  Warp Gate  
  24  2:02  Probe  
  25  2:14  Probe  
  26  2:19  Twilight Council  
  26  2:24  Stalker (Chrono Boost)  
  26  2:28  Probe  
  29  2:40  Probe  
  29  2:44  Probe  
  31  2:47  Stalker  
  33  2:52  Probe  
  33  2:56  Probe  
  35  3:03  Blink (Chrono Boost)  
  35  3:04  Probe  
  36  3:06  Gateway  
  36  3:08  Probe  
  37  3:16  Probe  
  38  3:20  Probe  
  38  3:26  Robotics Facility  
  37  3:28  Probe  
  37  3:32  Probe  
  39  3:37  Pylon  
  39  3:40  Probe  
  39  3:44  Probe  
  40  3:50  Stalker  
  40  3:52  Probe  
  43  3:56  Probe  
  43  4:02  Assimilator  
  42  4:04  Assimilator, Stalker  
  42  4:05  Probe  
  42  4:08  Probe  
  46  4:12  Pylon  
  46  4:13  Observer  
  46  4:16  Stalker  
  46  4:17  Probe  
  50  4:20  Probe  
  51  4:29  Probe  
  52  4:33  Probe, Robotics Bay  
  52  4:36  Stalker  
  52  4:37  Pylon  
  55  4:41  Probe  
  57  4:47  Nexus  
  57  4:50  Pylon  
  57  4:51  Probe  
  57  4:55  Stalker  
  57  4:59  Probe  
  60  5:03  Stalker  
  60  5:04  Probe (Chrono Boost)  
  63  5:11  Probe (Chrono Boost)  
  64  5:16  Probe (Chrono Boost)  
  64  5:17  Colossus (Chrono Boost)  
  72  5:23  Probe (Chrono Boost)  
  72  5:24  Extended Thermal Lance  
  72  5:25  Probe (Chrono Boost)  
  73  5:29  Probe (Chrono Boost)  
  73  5:30  Pylon  
  73  5:31  Probe  
  74  5:37  Forge  
  74  5:40  Probe  
  75  5:44  Charge  
  75  5:45  Probe  
  76  5:52  Probe  
  77  5:57  Probe  
  77  5:59  Probe  
  77  6:01  Colossus (Chrono Boost)  
  79  6:04  Probe  
  79  6:08  Pylon  
  79  6:09  Protoss Ground Weapons Level 1 (Chrono Boost), Probe, Pylon  
  87  6:15  Gateway, Sentry  
  87  6:17  Gateway  
  89  6:27  Shield Battery  
  89  6:28  Pylon  
  89  6:30  Pylon  
  89  6:34  Gateway x2  
  89  6:41  Colossus (Chrono Boost)  
  93  6:50  Sentry  
  95  6:57  Gateway  
  95  6:58  Gateway  
  95  7:01  Zealot  
  97  7:10  Pylon  
  97  7:13  Zealot x3  
  97  7:14  Templar Archives  
  103  7:25  Pylon  
  103  7:31  Warp Prism (Chrono Boost)  
  103  7:33  Pylon  
  103  7:34  Gateway  
  105  7:37  Gateway  
  105  7:39  Pylon  
  105  7:40  Pylon  
  105  7:41  Stalker x3  
  105  7:42  Pylon, Stalker  
  105  7:43  Pylon  
  113  7:50  Zealot x2  
  117  7:59  Zealot x2  
  121  8:17  High Templar x2  
  121  8:18  Zealot  
  121  8:19  Zealot  
  129  8:20  High Templar  
  129  8:21  High Templar  
  129  8:22  Zealot, Archon  
  129  8:23  Nexus, Zealot  
  129  8:26  Pylon  
  137  8:27  Archon  
  137  8:31  Zealot  
  135  8:37  Zealot  
  135  8:41  Zealot x2  
  111  8:46  Zealot x2  
  65  8:55  Stalker x3  
  65  8:56  Stalker x2  
  65  8:58  Stalker  
  65  9:02  Probe  
Tags
 
Add a new tag
Caveats
  • Supply blocks, unpowered buildings, or Contaminate may cause inaccurate times.
  • Supply counts are checked every 10 seconds.